 Dungeon Crawl Stone Soup version 0.21.1-1-g345015fe64 (webtiles) character file.

303 NullDivider the Caller (level 6, -1/41 HPs)
             Began as a Merfolk Summoner on Apr 30, 2018.
             Slain by a gnoll
             ... wielding a cursed +0 halberd
              (12 damage)
             ... on level 3 of the Dungeon.
             The game lasted 00:24:41 (5429 turns).

NullDivider the Caller (Merfolk Summoner)           Turns: 5429, Time: 00:24:41

Health: -1/41      AC:  2    Str:  8    XL:     6   Next: 38%
Magic:  3/11       EV: 15    Int: 14    God:
Gold:   151        SH:  0    Dex: 17    Spells: 8/12 levels left

rFire    . . .     SeeInvis .   g - +3 dagger (pain)
rCold    . . .     Gourm    .   (no shield)
rNeg     . . .     Faith    .   a - +0 robe
rPois    .         Spirit   .   (no helmet)
rElec    .         Reflect  .   (no cloak)
rCorr    .         Harm     +   (no gloves)
MR       .....                  (no boots)
Stlth    +++.......             k - amulet of harm
HPRegen  0.13/turn              q - ring of flight
MPRegen  0.12/turn              (no ring)

@: no status effects
A: change form in water, swift swim, stealthy swim
a: Evoke Flight


You were on level 3 of the Dungeon.
You were not hungry.

You visited 1 branch of the dungeon, and saw 3 of its levels.

You collected 151 gold pieces.

Inventory:

Hand Weapons
 g - a +3 dagger of pain (weapon)
Armour
 a - a +0 robe (worn)
Jewellery
 k - an amulet of harm (around neck)
 q - a ring of flight (left hand)
Scrolls
 e - 2 scrolls of identify {unknown}
 f - a scroll of remove curse
 h - 2 scrolls of enchant weapon
 i - 4 scrolls of teleportation
 j - 2 scrolls of amnesia {unknown}
 l - a scroll of noise {unknown}
Potions
 d - 2 potions of curing {unknown}
 m - a potion of agility {unknown}
 n - a potion of flight {unknown}
 o - 2 potions of resistance {unknown}
Books
 b - a book of Callings

   Spells                             Type                      Level
   a - Summon Small Mammal            Summoning                    1
   b - Call Imp                       Summoning                    2
   c - Call Canine Familiar           Summoning                    3
   d - Summon Guardian Golem          Hexes/Summoning              3
   e - Summon Lightning Spire         Summoning/Air                4
   f - Summon Ice Beast               Ice/Summoning                4
Comestibles
 c - 6 rations
 p - 6 chunks of flesh


   Skills:
 + Level 4.4 Dodging
 + Level 3.7 Stealth
 * Level 3.8 Spellcasting
 + Level 1.8 Hexes
 + Level 4.6 Summonings


You had 8 spell levels left.
You knew the following spells:

 Your Spells              Type           Power        Failure   Level  Hunger
a - Summon Small Mammal   Summ           ###.         2%          1    None
b - Summon Guardian Gole  Hex/Summ       ##......     16%         3    ###....


Dungeon Overview and Level Annotations

Branches:
Dungeon (3/15)

Altars:
Elyvilon
Makhleb
Vehumet

Annotations:
D:3 raetorn's ghost, amateur OpFE


Message History

Your rat bites the gnoll.
Something hits your rat.
Your rat dies!
Your rat's corpse disappears in a puff of smoke!
There is a huge open gate here.
Casting: Summon Small Mammal
Confirm with . or Enter, or press ? or * to list all spells.
What are your orders? t - Shout!
Orders for allies: a - Attack new target. p - Attack previous target. r - Retreat! s - Stop attacking. g - Guard the area. f - Follow me.
Anything else - Cancel.
Gang up on whom?
Press: ? - help, Dir - move target cursor, f/p - gnoll
Aim: a gnoll, wielding a halberd (grey smoke, moderately wounded) Attack!
Your bat hits the gnoll.
Your quokka bites the gnoll but does no damage.
The gnoll hits you from afar with a halberd!
You die...

......###..............
.#.#######÷.............
........÷...............
........................
≈≈≈≈≈≈≈....≈≈≈≈≈≈≈≈≈≈≈≈≈
≈≈≈≈≈≈≈....≈≈≈≈≈≈≈≈≈≈≈≈≈
≈≈≈≈≈≈≈...=≈≈≈≈≈≈≈≈≈≈≈≈#
......b................# #####
#######@b''#############
#.....#######....#######..#..#
#.....'.ggg.gr...'.....+..#H.#
#.....#######.)..#######..#..#
##### ##++## #######


You could see a gnoll, a friendly quokka and 2 friendly bats.

Vanquished Creatures
  Terence (D:3)
  Natasha (twice) (D:2)
  A gnoll (D:3)
  A worm (D:2)
  2 dart slugs
  A leopard gecko (D:2)
  An orc (D:3)
  A bat (D:1)
  3 giant cockroaches
  7 hobgoblins
  6 jackals
  5 kobolds
  9 frilled lizards
  9 goblins
  8 rats
57 creatures vanquished.

Vanquished Creatures (collateral kills)
  Grinder (D:2)
  Natasha (D:2)
  2 gnolls
  An adder (D:3)
  A worm (D:2)
  A dart slug (D:2)
  2 leopard geckos
  3 goblins (D:1)
  2 hobgoblins (D:1)
  A jackal (D:3)
  2 quokkas (D:2)
  2 bats (D:1)
  3 kobolds (D:1)
  A rat (D:3)
23 creatures vanquished.

Vanquished Creatures (others)
  A plant (D:3)
1 creature vanquished.

Grand Total: 81 creatures vanquished

Notes
Turn   | Place    | Note
-------+----------+-------------------------------------------
     0 | D:1      | NullDivider the Merfolk Summoner began the quest for the Orb.
     0 | D:1      | Reached XP level 1. HP: 13/13 MP: 3/3
   270 | D:1      | Reached XP level 2. HP: 18/19 MP: 0/5
   902 | D:1      | Reached XP level 3. HP: 10/24 MP: 2/6
  1673 | D:1      | Learned a level 3 spell: Summon Guardian Golem
  1702 | D:2      | Found a white marble altar of Elyvilon.
  1862 | D:2      | Found a radiant altar of Vehumet.
  1989 | D:2      | Found a burning altar of Makhleb.
  3091 | D:2      | Reached XP level 4. HP: 27/30 MP: 8/8
  3127 | D:2      | Noticed Natasha
  3142 | D:2      | Killed Natasha
  3459 | D:2      | Noticed Natasha
  3474 | D:2      | Killed Natasha
  3599 | D:2      | Noticed Natasha
  3608 | D:2      | Killed Natasha
  3608 | D:2      | Reached skill level 1 in Hexes
  3608 | D:2      | Reached XP level 5. HP: 35/35 MP: 5/9
  3668 | D:3      | Noticed Grinder
  3770 | D:3      | Noticed Terence
  3994 | D:3      | Killed Terence
  4218 | D:3      | Noticed raetorn's ghost (amateur OpFE)
  4942 | D:2      | Killed Grinder
  4942 | D:2      | Reached XP level 6. HP: 19/41 MP: 2/11
  5352 | D:3      | Noticed a hippogriff
  5429 | D:3      | Slain by a gnoll

Skill      XL: |  1  2  3  4  5 |
---------------+----------------+-----
Dodging        | 3 4 |  4.4
Stealth        | 3 |  3.7
Spellcasting   | 3 |  3.8
Hexes          | 1 |  1.8
Summonings     | |  4.6

Action                   |  1- 3 |  4- 6 || total
-------------------------+-------+-------++-------
Melee: Unarmed           |    30 |       ||    30
       Dagger            |   162 |   101 ||   263
 Cast: Summon Small Mamm |    36 |    53 ||    89
  Use: Scroll            |       |     4 ||     4
 Stab: Sleeping          |     4 |     2 ||     6
       Distracted        |       |     4 ||     4
  Eat: Chunk             |     8 |     7 ||    15
Armor: Robe              |    23 |    15 ||    38
Dodge: Dodged            |   130 |    85 ||   215
